 Dungeon Crawl Stone Soup version 0.24-a0-252-g5076262 (webtiles) character file.

Game seed: 8945756971832365777

3842 MatthieuS the Severer (level 10, -5/86 HPs)
             Began as a Hill Orc Fighter on Apr 17, 2019.
             Slain by a satyr (6 damage)
             ... on level 8 of the Dungeon.
             The game lasted 00:12:05 (7406 turns).

MatthieuS the Severer (Hill Orc Fighter)            Turns: 7406, Time: 00:12:06

Health: -5/86      AC: 10    Str: 23    XL:     10   Next: 18%
Magic:  10/10      EV: 11    Int:  8    God:
Gold:   313        SH: 14    Dex: 15    Spells: 9/9 levels left

rFire    . . .     SeeInvis .   a - +1 war axe
rCold    . . .     Gourm    .   z - +0 shield
rNeg     . . .     Faith    .   r - +0 chain mail
rPois    .         Spirit   .   (no helmet)
rElec    .         Reflect  +   (no cloak)
rCorr    .         Harm     .   (no gloves)
MR       .....                  (no boots)
Stlth    ..........             n - +3 amulet of reflection
HPRegen  0.24/turn              (no ring)
MPRegen  0.12/turn              (no ring)

@: agile, afraid
A: no striking features
a: no special abilities


You were on level 8 of the Dungeon.
You were not hungry.

You visited 1 branch of the dungeon, and saw 8 of its levels.

You collected 449 gold pieces.
You spent 136 gold pieces at shops.

Inventory:

Hand Weapons
 a - a +1 war axe (weapon)
Missiles
 i - a throwing net (quivered) {!f}
Armour
 r - a +0 chain mail (worn)
   (You took it off an orc on level 3 of the Dungeon)
 z - a +0 shield (worn)
Jewellery
 n - a +3 amulet of reflection (around neck)
   (You found it on level 1 of the Dungeon)
Wands
 c - a wand of disintegration (7)
   (You found it on level 6 of the Dungeon)
 w - a wand of polymorph (20)
   (You found it on level 5 of the Dungeon)
Scrolls
 b - 4 scrolls of enchant weapon
 h - 8 scrolls of identify {@r1}
 k - 7 scrolls of remove curse {@r2}
 m - 3 scrolls of teleportation {@r4}
 o - a scroll of fog {unknown}
 p - a scroll of noise {unknown}
 u - 3 scrolls of enchant armour {unknown}
 v - 4 scrolls of amnesia
 x - a scroll of fear {unknown}
 y - a scroll of immolation {unknown}
 A - a scroll of magic mapping
Potions
 f - 2 potions of resistance {unknown}
 g - 4 potions of curing {@q1}
 j - a potion of flight {unknown}
 l - a potion of haste {unknown}
 q - a potion of invisibility {unknown}
 s - 2 potions of lignification {!q}
Comestibles
 e - 23 rations


   Skills:
 + Level 7.2 Fighting
 + Level 16.8 Axes
 + Level 6.5 Armour
 + Level 6.5 Shields


You had 9 spell levels left.
You didn't know any spells.
Your spell library was empty.

Dungeon Overview and Level Annotations

Branches:
Dungeon (8/15)             Temple (0/1) D:5            Lair (0/6) D:8

Altars:
Gozag
Kikubaaqudgha

Shops:
D:6 *


Message History

* * * LOW HITPOINT WARNING * * *
You barely miss the dream sheep. You hit the satyr. The dream sheep bites you.
* * * LOW HITPOINT WARNING * * *
You block the satyr's attack.
You slice the satyr!!
You hit the dream sheep but do no damage.
The dream sheep ruffles its wool and motes of dream dust sparkle, to no effect.
You hit the satyr. You slash the dream sheep! The satyr hits you.
* * * LOW HITPOINT WARNING * * *
You completely miss the satyr.
You hit the dream sheep but do no damage.
The dream sheep ruffles its wool and motes of dream dust sparkle, to no effect.
The satyr hits you!
* * * LOW HITPOINT WARNING * * *
You barely miss the satyr.
You hit the dream sheep but do no damage.
You block the dream sheep's attack.
The satyr plays a frightful melody on his pipes!
The satyr radiates an aura of fear!
You are terrified of the satyr!
Unknown command.
You feel much better. You block the dream sheep's attack. The satyr hits you!!
* * * LOW HITPOINT WARNING * * *
You attempt to attack the satyr, but flinch away in fear!
The dream sheep bites you.
* * * LOW HITPOINT WARNING * * *
You closely miss the satyr. You slash the dream sheep!
You block the satyr's attack.
You attempt to attack the satyr, but flinch away in fear!
The dream sheep bites you but does no damage.
The satyr hits you but does no damage.
Unknown command.
You closely miss the satyr. You hit the dream sheep.
The dream sheep ruffles its wool and motes of dream dust sparkle, to no effect.
The satyr closely misses you.
Unknown command.
Your chain mail prevents you from hitting the satyr.
You barely miss the dream sheep. The dream sheep completely misses you.
You block the satyr's attack.
You attempt to attack the satyr, but flinch away in fear!
Unknown command.
You slash the satyr!
You hit the dream sheep but do no damage.
The dream sheep ruffles its wool and motes of dream dust sparkle, to no effect.
The satyr plays a lulling melody on his pipes!
You fall asleep.
The dream sheep bites you!
You wake up.
* * * LOW HITPOINT WARNING * * *
The satyr hits you.
You die...

.(#...#.......#
..#...#.......# '###'#
..'...#.......# ..P≈.#
..#...#.......# .%≈≈P#
+###..###.##### ..P≈≈#
.###..###.#### ...≈P
.......#.....# ≈.≈
.......#.....#####K#####
.......'.....'..@cK....#
.#########..##...Y##..##
####...###..##....# #
...#..............#
...#..............#
...#..............#
...#..............#
...#.>............'
#####'#############


You could see a satyr, 2 big kobolds and a dream sheep.

Vanquished Creatures
  A hippogriff (D:7)
  A dream sheep (D:8)
  3 orc warriors
  A black bear (D:8)
  2 sky beasts
  2 ogres
  A swamp drake (D:6)
  A necrophage (D:8)
  2 centaurs (D:7)
  2 bullfrogs
  A gnoll sergeant (D:8)
  2 scorpions
  5 killer bees (D:8)
  A howler monkey (D:4)
  5 crimson imps
  6 hounds
  A bullfrog skeleton (D:5)
  3 orc priests
  A centaur skeleton (D:4)
  Jessica (D:2)
  An iguana (D:7)
  6 orc wizards
  5 worker ants
  2 killer bee zombies
  A hound skeleton (D:4)
  A howler monkey skeleton (D:8)
  5 gnolls (D:8)
  6 adders
  3 shadow imps
  An adder skeleton (D:7)
  7 dart slugs
  4 leopard geckos
  29 orcs
  8 bats
  3 giant cockroaches
  9 goblins
  6 hobgoblins
  8 jackals
  10 kobolds
  3 quokkas
  2 frilled lizards (D:2)
  A leopard gecko skeleton (D:4)
  3 rats
166 creatures vanquished.

Notes
Turn   | Place    | Note
-------+----------+-------------------------------------------
     0 | D:1      | MatthieuS the Hill Orc Fighter began the quest for the Orb.
     0 | D:1      | Reached XP level 1. HP: 19/19 MP: 1/1
   120 | D:1      | Reached skill level 3 in Axes
   122 | D:1      | Reached XP level 2. HP: 27/27 MP: 2/2
   362 | D:1      | Reached XP level 3. HP: 30/33 MP: 3/3
  1040 | D:2      | Reached skill level 4 in Axes
  1094 | D:2      | Reached XP level 4. HP: 25/40 MP: 4/4
  1098 | D:2      | Noticed Jessica
  1109 | D:2      | Killed Jessica
  1784 | D:2      | Reached XP level 5. HP: 47/47 MP: 5/5
  2463 | D:3      | Reached skill level 5 in Axes
  3388 | D:4      | Reached XP level 6. HP: 46/53 MP: 6/6
  3790 | D:4      | Reached skill level 6 in Axes
  4041 | D:5      | Entered Level 5 of the Dungeon
  4060 | D:5      | Reached skill level 5 in Fighting
  4078 | D:5      | Reached XP level 7. HP: 57/61 MP: 7/7
  4135 | D:5      | Found an ancient bone altar of Kikubaaqudgha.
  4254 | D:5      | Found a staircase to the Ecumenical Temple.
  4559 | D:6      | Reached skill level 7 in Axes
  4559 | D:6      | Reached skill level 5 in Armour
  4559 | D:6      | Reached skill level 5 in Shields
  4655 | D:6      | Reached skill level 16 in Axes
  4655 | D:6      | Reached XP level 8. HP: 26/70 MP: 8/8
  5039 | D:6      | Found Cedugy's General Store.
  5070 | D:6      | Reached XP level 9. HP: 54/75 MP: 9/9
  5460 | D:6      | Bought a potion of heal wounds for 65 gold pieces
  5460 | D:6      | Bought a scroll of identify for 26 gold pieces
  5460 | D:6      | Bought a scroll of magic mapping for 45 gold pieces
  6631 | D:8      | Reached XP level 10. HP: 84/84 MP: 10/10
  6677 | D:8      | HP: 9/193 [poisoned by a killer bee]
  6678 | D:8      | HP: 4/129 [poisoned by a killer bee]
  7105 | D:8      | Found a staircase to the Lair.
  7212 | D:8      | Found an opulent altar of Gozag.
  7371 | D:8      | Noticed a three-headed hydra
  7386 | D:8      | Noticed a satyr
  7386 | D:8      | a six-headed hydra changed into a satyr
  7406 | D:8      | HP: 1/86 [dream sheep (16)]
  7406 | D:8      | Slain by a satyr

Levels and vault maps discovered:
D:1:      ncdulo_wetmaze, layout_basic
D:2:      layout_basic, first_ration, minmay_strange_pillars, uniq_jessica
D:3:      layout_basic, serial_bayou_pond_c
D:4:      layout_basic
D:5:      layout_rooms, nicolae_overflow_hidden_temple,
          minmay_temple_entry_overgrown, st_stairs_12, serial_bayou_crossing
D:6:      layout_rooms, serial_shops, nicolae_shop_waterfront,
          uniq_crazy_yiuf_cottage
D:7:      layout_cave_pools
D:8:      layout_gridville, lair_entry_dummy, hangedman_ranch
          [blue_anna_fruit_fields], nicolae_gozag_seed_capital, uniq_pikel

Skill      XL: |  1  2  3  4  5  6  7  8  9 10 |
---------------+-------------------------------+-----
Axes           | 3 4 5 6 16 | 16.8
Fighting       | 4 5 6 7 |  7.2
Armour         | 4 5 6 |  6.5
Shields        | 4 5 6 |  6.5

Action                   |  1- 3 |  4- 6 |  7- 9 | 10-12 || total
-------------------------+-------+-------+-------+-------++-------
Melee: War axe           |   105 |   159 |   277 |    80 ||   621
Evoke: Wand              |       |       |     1 |     4 ||     5
  Use: Potion            |       |     3 |     7 |     5 ||    15
       Scroll            |       |       |     4 |       ||     4
  Eat: Chunk             |     1 |     5 |     3 |     2 ||    11
       Ration            |       |     2 |     1 |       ||     3
Armor: Scale mail        |    49 |    50 |       |       ||    99
       Skin              |       |     1 |    11 |     8 ||    20
       Chain mail        |       |    48 |    83 |    15 ||   146
Dodge: Dodged            |    54 |    42 |    51 |    15 ||   162
Block: Shield            |    61 |   102 |   188 |    61 ||   412
       Reflection        |       |       |     8 |       ||     8

Table legend:
 A = Non-vault XP
 B = Vault XP
 C = Vault XP percentage of total XP
 D = Non-vault monster count
 E = Vault monster count
 F = Vault count percentage of total count
                 A         B        C        D         E       F
            +---------+---------+-------+---------+---------+-------
      Total |    4088 |     308 |   7.0 |     163 |       3 |   1.8
            +---------+---------+-------+---------+---------+-------
        D:1 |      57 |       0 |   0.0 |      28 |       0 |   0.0
        D:2 |      79 |      37 |  31.9 |      23 |       1 |   4.2
        D:3 |      76 |       0 |   0.0 |      15 |       0 |   0.0
        D:4 |     235 |       0 |   0.0 |       8 |       0 |   0.0
        D:5 |     217 |      40 |  15.6 |      12 |       1 |   7.7
        D:6 |     966 |       0 |   0.0 |      26 |       0 |   0.0
        D:7 |    1253 |       0 |   0.0 |      25 |       0 |   0.0
        D:8 |    1205 |     231 |  16.1 |      26 |       1 |   3.7
            +---------+---------+-------+---------+---------+-------
